 Dungeon Crawl Stone Soup version 0.32-a0-172-gc5dd13f2a7 (webtiles) character file.

Game seed: 5668036532115228007

7 Rennog the Firebug (level 2, -1/17 HPs)
             Began as an Octopode Fire Elementalist on Feb 13, 2024.
             Slain by a kobold
             ... wielding a +0 short sword
              (4 damage)
             ... on level 1 of the Dungeon.
             The game lasted 00:00:50 (238 turns).

Rennog the Firebug (Octopode Fire Elementalist)      Turns: 238, Time: 00:00:50

Health: -1/17      AC:  1    Str:  7    XL:     2   Next: 0%
Magic:  5/5        EV: 13    Int: 17    God:
Gold:   0          SH:  0    Dex: 12    Spells: 4/5 levels left

rFire   . . .        (no weapon)
rCold   . . .        (no shield)
rNeg    . . .        (helmet restricted)
rPois   .            (no amulet)
rElec   .            (no ring)
rCorr   .            (no ring)
SInv    .            (no ring)
Will    .....        (no ring)
Stlth   +++          (no ring)
HPRegen 0.22/turn    (no ring)
MPRegen 0.09/turn    (no ring)
                     (no ring)

%: no passive effects
@: no status effects
A: almost no armour, amphibious, 8 rings, camouflage 1, gelatinous body 1,
(nimble swimmer 1), tentacles
a: no special abilities


You were on level 1 of the Dungeon.
You visited 1 branch of the dungeon, and saw 1 of its levels.

Inventory:

Scrolls
 c - a scroll of poison {unknown}
 d - a scroll of identify {unknown}
Potions
 a - a potion of magic
 b - a potion of degeneration {unknown}


   Skills:
 - Level 2.0 Dodging
 - Level 2.6 Stealth
 * Level 2.3 Spellcasting
 + Level 1.3 Conjurations
 - Level 3.0 Fire Magic


You had 4 spell levels left.
You knew the following spells:

 Your Spells              Type           Power      Damage    Failure   Level
a - Foxfire               Conj/Fire      36%        2x1d5     8%          1

Your spell library contained the following spells:

 Spells                   Type           Power      Damage    Failure   Level
 Scorch                   Fire           24%        2d6       9%          2
 Inner Flame              Hex/Fire       7%         N/A       30%         3
 Volatile Blastmotes      Fire/Tloc      14%        2d11      30%         3
 Flame Wave               Conj/Fire      9%         2d6       58%         4


Dungeon Overview and Level Annotations

Branches:
Dungeon (1/15)

Altars:


Innate Abilities, Weirdness & Mutations

You cannot wear most types of armour.
You are amphibious.
You can wear up to eight rings at the same time.
Your skin changes colour to match your surroundings (Stealth+).
Your rubbery body absorbs attacks. (AC +1, EV +1)
((You are camouflaged when in or above water. (Stealth+)))
You have tentacles for arms and can constrict up to eight enemies at once.


Message History

The quokka misses you. The quokka attacks as it pursues you!
The quokka bites you. The quokka attacks as it pursues you!
The quokka barely misses you. The quokka attacks as it pursues you!
The quokka closely misses you.
You barely miss the quokka. You grab the quokka. You constrict the quokka.
The quokka closely misses you.
You tentacle-slap the quokka but do no damage.
The quokka is moderately wounded.
You constrict the quokka, but do no damage.
The quokka closely misses you.
You tentacle-slap the quokka but do no damage.
The quokka is moderately wounded.
You constrict the quokka. The quokka barely misses you.
You barely miss the quokka.
The quokka is heavily wounded.
You constrict the quokka. The quokka bites you. The quokka closely misses you.
You tentacle-slap the quokka but do no damage.
The quokka is almost dead.
You constrict the quokka.
You kill the quokka!
The ball python closely misses you. The ball python misses you.
You closely miss the ball python. Your grab misses the ball python.
The ball python completely misses you. The ball python grabs you.
The ball python constricts you.
You barely miss the ball python. Your grab misses the ball python.
The ball python barely misses you. The ball python constricts you.
You closely miss the ball python. You grab the ball python.
You squeeze the ball python.
You kill the ball python!
You have reached level 2!
You tentacle-slap the kobold but do no damage.
Your grab misses the kobold.
Your tentacle-slap misses the kobold.
The kobold is severely wounded.
The kobold hits you with a +0 short sword.
* * * LOW HITPOINT WARNING * * *
You closely miss the kobold. You grab the kobold.
The kobold is severely wounded.
You constrict the kobold, but do no damage.
The kobold hits you with a +0 short sword.
You die...

...........#####
...............#
##.........###.#
#.........# #.#
#.........# #.#
..........# #.#
########### #.#
#.##########
#..@K......#
###########.##
#.K....# #.#
########'####.#
#S# ........K.#
#.####K#
.......)..#
#.K....#
..........#
########
..........#
..........#


You could see a kobold.

Vanquished Creatures
  An endoplasm (D:1)
  A goblin (D:1)
  A quokka (D:1)
  A ball python (D:1)
  2 frilled lizards (D:1)
  A kobold (D:1)
7 creatures vanquished.

Vanquished Creatures (others)
  17 foxfires (D:1)
17 creatures vanquished.

Grand Total: 24 creatures vanquished

Notes
Turn   | Place    | Note
-------+----------+-------------------------------------------
     0 | D:1      | Rennog the Octopode Fire Elementalist began the quest for
                  | the Orb.
     0 | D:1      | Reached XP level 1. HP: 11/11 MP: 3/3
   237 | D:1      | Reached XP level 2. HP: 7/17 MP: 5/5
   238 | D:1      | Slain by a kobold

Illustrated notes

Levels and vault maps discovered:
D:1:      dpeg_arrival_windows_large_door, layout_basic, minmay_misc_feat_alley

Action                     || total
---------------------------++-------
  Melee: Unarmed           ||    10
         Constrict         ||     3
         Tentacles         ||     1
   Cast: Foxfire           ||    11
 Armour: Skin              ||     7
  Dodge: Dodged            ||    19

Table legend: (Time is in decaauts)
 A = Elapsed time spent in this place.
 B = Non-inter-level travel time spent in this place.
 C = Inter-level travel time spent in this place.
 D = Time resting spent in this place.
 E = Time spent auto-exploring this place.
 F = Levels seen in this place.
 G = Mean time per level.
                   A        B        C        D        E       F      G
               +--------+--------+--------+--------+--------+-----+--------+
         Total |    238 |    238 |      0 |      0 |    181 |   1 |  238.0 |
       Dungeon |    238 |    238 |      0 |      0 |    181 |   1 |  238.0 |
               +--------+--------+--------+--------+--------+-----+--------+

Top non-repeatable levels by time:
     D:1: 238 daAuts
